TOP OF THE 1ST |
---|
Hendersonville Hitmen batting - Pitching for St Charles Sheens : RHP Tom Wallace | Pitching: RHP Tom Wallace | | Batting: SHB José Estreito | 0-0: SINGLE (Groundball, 6MD) | Batting: SHB Miguel González | 0-0: Ball José Estreito steals 2nd base 1-0: Foul Ball, location: 2F 1-1: Foul Ball, location: 2F 1-2: SINGLE (Flyball, 78S) José Estreito to third | Batting: LHB Robert Phillips | 0-0: Called Strike 0-1: Ball 1-1: Foul Ball, location: 2F 1-2: Ball 2-2: Fly out, F8 (Line Drive, 78XD) Runner from 3rd tags up, SCORES, no throw | Batting: SHB Rick Turner | 0-0: Called Strike 0-1: Ball 1-1: Fly out, F7 (Flyball, 78M) | Batting: LHB Tommy Payne | 0-0: Called Strike 0-1: Ball 1-1: Foul Ball, location: 2F 1-2: Foul Ball, location: 2F 1-2: Foul Ball, location: 2F 1-2: Foul Ball, location: 2F 1-2: Ball 2-2: SINGLE (Flyball, 89M) Miguel González to second Runner from 2nd tries for 3rd, SAFE, no throw | Batting: RHB Felipe Jareño | 0-0: Swinging Strike 0-1: Foul Ball, location: 2F 0-2: Strikes out looking | Top of the 1st over - 1 run, 3 hits, 0 errors, 2 left on base; Hendersonville 1 - St Charles 0 | BOTTOM OF THE 1ST |
---|
St Charles Sheens batting - Pitching for Hendersonville Hitmen : RHP Paul Ewing | Pitching: RHP Paul Ewing | | Batting: RHB Sergio Pujols | 0-0: Foul Ball, location: 2F 0-1: Foul Ball, location: 2F 0-2: Foul Ball, location: 2F 0-2: Ball 1-2: Ball 2-2: Foul Ball, location: 2F 2-2: Ball 3-2: Fly out, F4 (Line Drive, 4) | Batting: RHB Jesús Hernández | 0-0: Ball 1-0: Foul Ball, location: 2F 1-1: DOUBLE (Flyball, 8LD) | Batting: RHB Miguel Encarnación | 0-0: Called Strike Jesús Hernández steals 3rd base 0-1: Swinging Strike 0-2: Ball 1-2: Foul Ball, location: 2F 1-2: Foul Ball, location: 2F 1-2: Foul Ball, location: 2F 1-2: SINGLE (Groundball, 4MD) Jesús Hernández scores | Batting: LHB Juan Jose Rojas | 0-0: Ground out 4-3 (Groundball, 34) Miguel Encarnación to second | Batting: RHB Dan Tyler | 0-0: Ball 1-0: Called Strike 1-1: Foul Ball, location: 2F 1-2: Foul Ball, location: 2F 1-2: Foul Ball, location: 2F 1-2: SINGLE (Groundball, 4MD) Miguel Encarnación to third Runner from 3rd tries for Home, SAFE, no throw | Batting: SHB Henry Copeland | 0-0: Ball 1-0: Called Strike 1-1: 2-RUN HOME RUN (Flyball, 9D), Distance : 393 ft | Batting: RHB Víctor Arredondo | 0-0: Ground out 6-3 (Groundball, 6) | Bottom of the 1st over - 4 runs, 4 hits, 0 errors, 0 left on base; Hendersonville 1 - St Charles 4 | TOP OF THE 2ND |
---|
Hendersonville Hitmen batting - Pitching for St Charles Sheens : RHP Tom Wallace | Batting: LHB Jeff Cole | 0-0: Ball 1-0: Called Strike 1-1: Ball 2-1: Ball 3-1: Base on Balls | Batting: RHB Boyd Pittman | 0-0: SINGLE (Flyball, 34D) Jeff Cole to second Runner from 2nd tries for 3rd, SAFE, no throw | Batting: RHB Rafael González | 0-0: Ball 1-0: Called Strike 1-1: Ball 2-1: Called Strike Boyd Pittman steals 2nd base 2-2: Ball 3-2: Base on Balls | Batting: SHB José Estreito | 0-0: Called Strike 0-1: Called Strike 0-2: Ball 1-2: Foul Ball, location: 2F 1-2: Strikes out swinging | Batting: SHB Miguel González | 0-0: Ball 1-0: Ball 2-0: Called Strike 2-1: Foul Ball, location: 2F 2-2: Ground out 5-3 (Groundball, 56S) Jeff Cole scores Boyd Pittman to third Rafael González to second | Batting: LHB Robert Phillips | 0-0: Called Strike 0-1: Ball 1-1: Called Strike 1-2: Ball 2-2: Ball 3-2: Foul Ball, location: 2F 3-2: Foul Ball, location: 2F 3-2: Ground out 4-3 (Groundball, 4) | Top of the 2nd over - 1 run, 1 hit, 0 errors, 2 left on base; Hendersonville 2 - St Charles 4 | BOTTOM OF THE 2ND |
---|
St Charles Sheens batting - Pitching for Hendersonville Hitmen : RHP Paul Ewing | Batting: RHB Rob Brady | 0-0: Swinging Strike 0-1: SINGLE (Line Drive, 89M) | Batting: LHB Larry Howard | 0-0: Foul Ball, location: 2F 0-1: Called Strike 0-2: Ball 1-2: Strikes out looking | Batting: RHB Sergio Pujols | 0-0: Ground out 5-3 (Groundball, 56S) Rob Brady to second | Batting: RHB Jesús Hernández | 0-0: Ball 1-0: Ground out 6-3 (Groundball, 6) | Bottom of the 2nd over - 0 runs, 1 hit, 0 errors, 1 left on base; Hendersonville 2 - St Charles 4 | TOP OF THE 3RD |
---|
Hendersonville Hitmen batting - Pitching for St Charles Sheens : RHP Tom Wallace | Batting: SHB Rick Turner | 0-0: Ball 1-0: Called Strike 1-1: DOUBLE (Flyball, 8LXD) | Batting: LHB Tommy Payne | 0-0: Called Strike 0-1: Foul Ball, location: 2F 0-2: Strikes out swinging | Batting: RHB Felipe Jareño | 0-0: Foul Ball, location: 2F 0-1: Ball 1-1: Foul Ball, location: 2F 1-2: Ball 2-2: Hit by Pitch | Batting: LHB Jeff Cole | 0-0: Foul Ball, location: 2F 0-1: Ball 1-1: Ball 2-1: Ball 3-1: Called Strike 3-2: Foul Ball, location: 2F 3-2: Foul Ball, location: 2F 3-2: Foul Ball, location: 2F 3-2: Fly out, F4 (Popup, 34D) | Batting: RHB Boyd Pittman | 0-0: Ball 1-0: Called Strike 1-1: SINGLE (Groundball, 4MD) Rick Turner to third Felipe Jareño to second Runner from 3rd tries for Home, SAFE, no throw | Batting: RHB Rafael González | 0-0: Ball 1-0: Fielders Choice at 2nd, 5-4 (Groundball, 56) | Top of the 3rd over - 1 run, 2 hits, 0 errors, 2 left on base; Hendersonville 3 - St Charles 4 | BOTTOM OF THE 3RD |
---|
St Charles Sheens batting - Pitching for Hendersonville Hitmen : RHP Paul Ewing | Batting: RHB Miguel Encarnación | 0-0: Fly out, F8 (Flyball, 8RM) | Batting: LHB Juan Jose Rojas | 0-0: Ball 1-0: Ball 2-0: Ball 3-0: Base on Balls | Batting: RHB Dan Tyler | 0-0: Called Strike 0-1: Grounds into double play, 5-4-3 (Groundball, 56) | Bottom of the 3rd over - 0 runs, 0 hits, 0 errors, 0 left on base; Hendersonville 3 - St Charles 4 | TOP OF THE 4TH |
---|
Hendersonville Hitmen batting - Pitching for St Charles Sheens : RHP Tom Wallace | Batting: SHB José Estreito | 0-0: Called Strike 0-1: Swinging Strike 0-2: Strikes out swinging | Batting: SHB Miguel González | 0-0: SINGLE (Flyball, 8LS) | Batting: LHB Robert Phillips | 0-0: Ground out 5-3 (Groundball, 25) Miguel González to second | Batting: SHB Rick Turner | 0-0: Ball 1-0: Fly out, F3 (Popup, 34S) | Top of the 4th over - 0 runs, 1 hit, 0 errors, 1 left on base; Hendersonville 3 - St Charles 4 | BOTTOM OF THE 4TH |
---|
St Charles Sheens batting - Pitching for Hendersonville Hitmen : RHP Paul Ewing | Batting: SHB Henry Copeland | 0-0: Called Strike 0-1: Foul Ball, location: 2F 0-2: Strikes out looking | Batting: RHB Víctor Arredondo | 0-0: Called Strike 0-1: Foul Ball, location: 2F 0-2: Ball 1-2: Ground out 4-3 (Groundball, 4) | Batting: RHB Rob Brady | 0-0: Ball 1-0: Ball 2-0: Ball 3-0: Base on Balls | Batting: LHB Larry Howard | 0-0: SINGLE (Groundball, 4) (infield hit) Rob Brady to second | Batting: RHB Sergio Pujols | 0-0: Ball 1-0: Reached on error, E5 (Groundball, 56) Rob Brady to third Larry Howard to second | Batting: RHB Jesús Hernández | 0-0: Ball 1-0: Ground out 5-3 (Groundball, 5S) | Bottom of the 4th over - 0 runs, 1 hit, 1 error, 3 left on base; Hendersonville 3 - St Charles 4 | TOP OF THE 5TH |
---|
Hendersonville Hitmen batting - Pitching for St Charles Sheens : RHP Tom Wallace | Batting: LHB Tommy Payne | 0-0: Ball 1-0: Called Strike 1-1: Swinging Strike 1-2: Ball 2-2: Ground out 5-3 (Groundball, 56S) | Batting: RHB Felipe Jareño | 0-0: Ball 1-0: Ground out 5-3 (Groundball, 56) | Batting: LHB Jeff Cole | 0-0: Ball 1-0: Called Strike 1-1: Fly out, F9 (Flyball, 89M) | Top of the 5th over - 0 runs, 0 hits, 0 errors, 0 left on base; Hendersonville 3 - St Charles 4 | BOTTOM OF THE 5TH |
---|
St Charles Sheens batting - Pitching for Hendersonville Hitmen : RHP Paul Ewing | Batting: RHB Miguel Encarnación | 0-0: Ball 1-0: Foul Ball, location: 2F 1-1: Foul Ball, location: 2F 1-2: Strikes out swinging | Batting: LHB Juan Jose Rojas | 0-0: Ball 1-0: SINGLE (Groundball, 34) (infield hit) | Batting: RHB Dan Tyler | 0-0: Ball 1-0: Called Strike 1-1: Fly out, F9 (Flyball, 89D) | Batting: SHB Henry Copeland | 0-0: Foul Ball, location: 2F Balk! Juan Jose Rojas to second 0-1: Ball 1-1: Foul Ball, location: 2F 1-2: Fly out, F9 (Flyball, 9S) | Bottom of the 5th over - 0 runs, 1 hit, 0 errors, 1 left on base; Hendersonville 3 - St Charles 4 | TOP OF THE 6TH |
---|
Hendersonville Hitmen batting - Pitching for St Charles Sheens : RHP Tom Wallace | Batting: RHB Boyd Pittman | 0-0: SINGLE (Line Drive, 9) | Batting: RHB Rafael González | 0-0: Ball 1-0: Foul Ball, location: 2F 1-1: SINGLE (Groundball, 6MD) Boyd Pittman to second Runner from 2nd tries for 3rd, SAFE, no throw | Pitching: RHP Irwin Conway | | Batting: SHB José Estreito | 0-0: Called Strike 0-1: Ball 1-1: Ball 2-1: Ground out 5-3 (Groundball, 5S) Rafael González to second | Batting: SHB Miguel González | 0-0: Called Strike 0-1: Ball 1-1: Swinging Strike 1-2: Foul Ball, location: 2F 1-2: Ball 2-2: Ball 3-2: Base on Balls | Batting: LHB Robert Phillips | 0-0: Ball 1-0: Fly out, F8 (Flyball, 8RXD) Runner from 3rd tags up, SCORES, no throw Rafael González to third | Batting: SHB Rick Turner | 0-0: Foul Ball, location: 2F 0-1: Foul Ball, location: 2F 0-2: Ball 1-2: Fly out, F8 (Flyball, 78M) | Top of the 6th over - 1 run, 2 hits, 0 errors, 2 left on base; Hendersonville 4 - St Charles 4 | BOTTOM OF THE 6TH |
---|
St Charles Sheens batting - Pitching for Hendersonville Hitmen : RHP Paul Ewing | Batting: RHB Víctor Arredondo | 0-0: Fly out, F5 (Popup, 56) | Batting: RHB Rob Brady | 0-0: Fly out, F8 (Flyball, 8LM) | Batting: LHB Larry Howard | 0-0: Ball 1-0: Fly out, F7 (Flyball, 7D) | Bottom of the 6th over - 0 runs, 0 hits, 0 errors, 0 left on base; Hendersonville 4 - St Charles 4 | TOP OF THE 7TH |
---|
Hendersonville Hitmen batting - Pitching for St Charles Sheens : RHP Irwin Conway | Batting: LHB Tommy Payne | 0-0: Ball 1-0: Ground out 4-3 (Groundball, 34) | Batting: RHB Felipe Jareño | 0-0: Ball 1-0: Called Strike 1-1: Ball 2-1: Called Strike 2-2: Strikes out swinging | Batting: LHB Jeff Cole | 0-0: Ball 1-0: Foul Ball, location: 2F 1-1: Swinging Strike 1-2: Foul Ball, location: 2F 1-2: SINGLE (Groundball, 56D) | Batting: RHB Boyd Pittman | 0-0: Ball 1-0: Fielders Choice at 2nd, 6-4 (Groundball, 6) | Top of the 7th over - 0 runs, 1 hit, 0 errors, 1 left on base; Hendersonville 4 - St Charles 4 | BOTTOM OF THE 7TH |
---|
St Charles Sheens batting - Pitching for Hendersonville Hitmen : RHP Paul Ewing | Batting: RHB Sergio Pujols | 0-0: Ball 1-0: Swinging Strike 1-1: Ball 2-1: Foul Ball, location: 2F 2-2: DOUBLE (Line Drive, 89M) | Batting: RHB Jesús Hernández | 0-0: SINGLE (Groundball, 4D) Sergio Pujols to third Runner from 3rd tries for Home, SAFE, no throw | Pitching: RHP Jason Mason | | Batting: RHB Miguel Encarnación | 0-0: Ball 1-0: Ground out 5-3 (Groundball, 56S) Jesús Hernández to second | Batting: LHB Juan Jose Rojas | 0-0: Ball 1-0: Fly out, F8 (Flyball, 8RD) Runner from 2nd tags up, SAFE at 3rd with throw | Batting: RHB Dan Tyler | 0-0: Swinging Strike 0-1: Swinging Strike 0-2: Strikes out swinging | Bottom of the 7th over - 1 run, 2 hits, 0 errors, 1 left on base; Hendersonville 4 - St Charles 5 | TOP OF THE 8TH |
---|
Hendersonville Hitmen batting - Pitching for St Charles Sheens : RHP Irwin Conway | Batting: RHB Rafael González | 0-0: Ball 1-0: Called Strike 1-1: Ball 2-1: Ball 3-1: Base on Balls | Batting: SHB José Estreito | 0-0: Ball 1-0: Sac Bunt - play at second, runner OUT! 1-6 | Batting: SHB Miguel González | 0-0: Ball José Estreito is caught stealing 2nd base 1-0: Swinging Strike 1-1: Called Strike 1-2: Ball 2-2: Foul Ball, location: 2F 2-2: Foul Ball, location: 2F 2-2: Fly out, F8 (Flyball, 8LXD) | Top of the 8th over - 0 runs, 0 hits, 0 errors, 0 left on base; Hendersonville 4 - St Charles 5 | BOTTOM OF THE 8TH |
---|
St Charles Sheens batting - Pitching for Hendersonville Hitmen : RHP Jason Mason | Batting: SHB Henry Copeland | 0-0: Ball 1-0: Ball 2-0: Ball 3-0: Called Strike 3-1: Foul Ball, location: 2F 3-2: DOUBLE (Flyball, 8LXD) | Batting: RHB Víctor Arredondo | 0-0: Intentional Walk | Pinch Hitting: RHB Max Rash | 0-0: Ball 1-0: Bunted foul 1-1: Sac Bunt - play at third, runner safe! Víctor Arredondo to second | Batting: LHB Larry Howard | 0-0: Foul Ball, location: 2F 0-1: Ball 1-1: Foul Ball, location: 2F 1-2: Strikes out looking | Batting: RHB Sergio Pujols | 0-0: Grounds into double play, 6-2-3 (Groundball, 6S) | Bottom of the 8th over - 0 runs, 1 hit, 0 errors, 2 left on base; Hendersonville 4 - St Charles 5 | TOP OF THE 9TH |
---|
Hendersonville Hitmen batting - Pitching for St Charles Sheens : RHP Irwin Conway | Now at 2B: Max Rash | | Batting: LHB Robert Phillips | 0-0: SOLO HOME RUN (Flyball, 9D), Distance : 409 ft | Batting: SHB Rick Turner | 0-0: Fly out, F7 (Flyball, 7S) | Batting: LHB Tommy Payne | 0-0: Called Strike 0-1: Ball 1-1: Foul Ball, location: 2F 1-2: Ground out 5-3 (Groundball, 56) | Batting: RHB Felipe Jareño | 0-0: Ball 1-0: Foul Ball, location: 2F 1-1: Ball 2-1: SINGLE (Line Drive, 78M) | Pitching: RHP Jesse Jones | | Batting: LHB Jeff Cole | 0-0: Ball 1-0: Called Strike 1-1: Ball 2-1: Ball 3-1: Base on Balls Felipe Jareño to second | Pinch Hitting: LHB Pedro Rodríguez | 0-0: Ball 1-0: 3-RUN HOME RUN (Flyball, 89XD), Distance : 436 ft | Batting: RHB Rafael González | 0-0: Foul Ball, location: 2F 0-1: Called Strike 0-2: Strikes out swinging | Top of the 9th over - 4 runs, 3 hits, 0 errors, 0 left on base; Hendersonville 8 - St Charles 5 | BOTTOM OF THE 9TH |
---|
St Charles Sheens batting - Pitching for Hendersonville Hitmen : RHP Jason Mason | Pitching: RHP Matthew Scott | | Now in RF: Ralph Schultz | | Batting: RHB Jesús Hernández | 0-0: Hit by Pitch | Batting: RHB Miguel Encarnación | 0-0: Fly out, F7 (Flyball, 78D) | Batting: LHB Juan Jose Rojas | 0-0: Ball 1-0: Grounds into double play, 6-4-3 (Groundball, 56) | Bottom of the 9th over - 0 runs, 0 hits, 0 errors, 0 left on base; Hendersonville 8 - St Charles 5 | |